 Dungeon Crawl Stone Soup version 0.31-a0-968-g24f9ace8b5 (webtiles) character file.

Game seed: 17671585952208159031

711 Sanktem7 the Chopper (level 7, -8/91 HPs)
             Began as a Minotaur Fighter on Oct 27, 2023.
             Killed from afar by Blork the orc (9 damage)
             ... with a puff of frost
             ... on level 5 of the Dungeon.
             The game lasted 00:04:32 (3715 turns).

Sanktem7 the Chopper (Minotaur Fighter)             Turns: 3715, Time: 00:04:33

Health: -8/91      AC: 23    Str: 23    XL:     7   Next: 40%
Magic:  6/6        EV:  2    Int:  5    God:
Gold:   170        SH:  4    Dex:  9    Spells: 6/6 levels left

rFire   . . .        a - +0 war axe {axe}
rCold   . . .        c - +0 buckler
rNeg    . . .        b - melded +0 scale mail
rPois   +            (helmet currently unavailable)
rElec   .            (cloak currently unavailable)
rCorr   .            m - melded +0 pair of gloves
SInv    .            (boots currently unavailable)
Will    .....        (no amulet)
Stlth   +            (no ring)
HPRegen 0.35/turn    (no ring)
MPRegen 0.10/turn

%: no passive effects
@: tree-form, weakened
A: stationary, stasis, torment immunity, boosted hp, (horns 2), (retaliatory
headbutt)
a: no special abilities


You were on level 5 of the Dungeon.
You were a tree.
You visited 1 branch of the dungeon, and saw 6 of its levels.
You also visited: Sewer.

You collected 170 gold pieces.


Innate Abilities, Weirdness & Mutations

You are a tree.
Your roots penetrate the ground, keeping you stationary.
You cannot be teleported.
You are immune to unholy pain and torment.
Your maximum health is greatly increased.
Your equipment is partially melded.
((You have a pair of horns on your head.))
((You reflexively headbutt those who attack you in melee.))


   Skills:
 + Level 5.4 Fighting
 * Level 6.2 Axes
 + Level 2.7 Throwing
 + Level 5.4 Armour
 + Level 5.4 Shields


You had 6 spell levels left.
You didn't know any spells.
Your spell library contained the following spells:

 Spells                   Type           Power      Damage    Failure   Level
 Lesser Beckoning         Tloc           0%         N/A       67%         2
 Sublimation of Blood     Necr           0%         N/A       67%         2
 Gell's Gravitas          Tloc           0%         N/A       88%         3
 Teleport Other           Tloc           0%         N/A       88%         3
 Petrify                  Tmut/Erth      0%         N/A       99%         4
 Irradiate                Conj/Tmut      0%         3d11      100%        5

Inventory:

Hand Weapons
 a - a +0 war axe (weapon) {axe}
 v - a +0 dagger of venom {short}
   (You took it off a kobold on level 3 of the Dungeon)
 z - a +0 dagger of draining {short}
   (You took it off a goblin on level 4 of the Dungeon)
 B - a +0 vampiric dagger {short}
   (You took it off an orc on level 4 of the Dungeon)
Missiles
 f - 50 stones {throwing}
 k - 3 curare-tipped darts {=fthrowing}
 l - 2 boomerangs {throwing}
 s - a throwing net {=f!fthrowing}
 u - 16 poisoned darts {throwing}
Armour
 b - a +0 scale mail (melded)
 c - a +0 buckler (worn)
 m - a +0 pair of gloves (melded)
   (You found it on level 2 of the Dungeon)
 o - an orb of light
   (You found it on level 2 of the Dungeon)
Magical Staves
 C - a staff of cold {!astaff}
   (You found it on level 6 of the Dungeon)
Jewellery
 p - an amulet of faith {!P}
   (You found it on level 2 of the Dungeon)
Scrolls
 e - a scroll of summoning {unknown}
 n - 3 scrolls of fear {unknown}
 q - 6 scrolls of identify {unknown}
 t - a scroll of immolation {unknown}
 w - 3 scrolls of teleportation {unknown}
 y - a scroll of brand weapon {unknown}
 A - a scroll of enchant weapon {unknown}
Potions
 d - 2 potions of might
 g - a potion of haste {unknown}
 h - a potion of lignification {!q}
 i - a potion of degeneration {unknown}
 j - 2 potions of curing {@q1}
 r - a potion of enlightenment {unknown}
 x - a potion of invisibility {unknown}
 D - a potion of brilliance {unknown}

Dungeon Overview and Level Annotations

Branches:
Dungeon (6/15) Zot: 26931   Sewer (visited)
 Temple: D:4-7

Altars:
Ashenzari

Shops:
D:3 =   D:5 ?

Annotations:
D:5 Blork the orc

............#
.............#
.).....āˆ©.....#
............#
#..........#
#....o....#
#.g.)....#
##.gā™£....#
###.).ā€ ##..#
...#####.....##
# .........)...#
#.######.....#
###>..# ##...#
#...# #....#


You could see Blork the orc, a gnoll bouda and a gnoll.


Message History

You block the gnoll bouda's attack. The gnoll hits you but does no damage.
The scorpion stings you but does no damage. šŸ˜® HP[-6]
You take 6 damage, and now have 35/61 hp.
You slash the gnoll bouda! You slash the gnoll!
You hit the scorpion but do no damage. You block the gnoll's attack.
The scorpion stings you.
The gnoll bouda hits you but does no damage.
The gnoll hits you from afar with a +0 spear.
* * * LOW HITPOINT WARNING * * *
The gnoll hits you but does no damage. šŸ˜Ø HP[-6]
You take 6 damage, and now have 29/61 hp.
You closely miss the gnoll bouda. You hit the gnoll.
You hit the scorpion but do no damage. The scorpion stings you.
* * * LOW HITPOINT WARNING * * *
You are poisoned.
The scorpion poisons you! The gnoll bouda barely misses you.
The gnoll hits you but does no damage. The gnoll completely misses you.
The scorpion closely misses you. You furiously retaliate!
You headbutt the scorpion. šŸ˜Ø HP[-3]
You take 3 damage, and now have 26/61 hp.
You barely miss the gnoll bouda. Your headbutt misses the gnoll bouda.
You hit the gnoll.
You kill the gnoll!
You slash the scorpion!
You kill the scorpion!
You feel very sick. You block the gnoll bouda's attack.
The gnoll hits you but does no damage.
The gnoll bouda gazes fiercely through you!
You feel your attacks grow feeble.
The gnoll bouda hits you with a +0 club!
* * * LOW HITPOINT WARNING * * *
šŸ˜Ø HP[-10]
You take 10 damage, and now have 16/61 hp.
You closely miss the gnoll bouda.
You headbutt the gnoll bouda, but do no damage.
You feel sick.
The gnoll hits you from afar with a +0 spear!
* * * LOW HITPOINT WARNING * * *
Blork the orc hits you but does no damage.
You block the gnoll bouda's attack.
The gnoll barely misses you. šŸ˜± HP[-8]
You take 8 damage, and now have 8/61 hp.
You hit the gnoll bouda but do no damage.
You feel sick. Blork the orc barely misses you.
The gnoll bouda hits you with a +0 club.
* * * LOW HITPOINT WARNING * * *
The gnoll closely misses you. šŸ˜± HP[-4]
You take 4 damage, and now have 4/61 hp.
Okay, then.
It was a potion of curing.
You feel better.
Blork the orc begins to cast a cantrip, but forgets the words!
The gnoll bouda gazes fiercely through you!
You feel as though you will be weak longer.
The gnoll bouda hits you but does no damage.
The gnoll hits you from afar with a +0 spear.
* * * LOW HITPOINT WARNING * * *
šŸ˜± HP[+2]
You regained 2 hp, and now have 6/61 hp.
It was a potion of lignification.
You turn into a tree.
Your +0 pair of gloves melds into your body.
Your +0 scale mail melds into your body.
Your roots penetrate the ground.
Blork the orc looks braver for a moment.
The gnoll bouda hits you but does no damage.
You block the gnoll's attack. šŸ˜± HP[+4]
You now have 91 max hp (+30).
You regained 4 hp, and now have 10/91 hp.
You hit the gnoll bouda but do no damage.
Blork the orc hits you from afar with a +0 halberd.
* * * LOW HITPOINT WARNING * * *
The gnoll bouda hits you but does no damage.
The gnoll hits you but does no damage. šŸ˜± HP[-5]
You take 5 damage, and now have 5/91 hp.
You hit the gnoll bouda. Blork the orc casts a spell at you.
The puff of flame hits you but does no damage.
You block the gnoll bouda's attack. The gnoll hits you but does no damage.
You hit the gnoll bouda but do no damage.
The gnoll is no longer moving quickly.
You block Blork the orc's attack.
The gnoll bouda hits you but does no damage.
The gnoll hits you but does no damage.
The gnoll bouda gazes fiercely through you!
You feel as though you will be weak longer.
The gnoll bouda hits you but does no damage.
Blork the orc hits you from afar with a +0 halberd.
* * * LOW HITPOINT WARNING * * *
The gnoll hits you from afar with a +0 spear.
* * * LOW HITPOINT WARNING * * *
šŸ˜± HP[-4]
You take 4 damage, and now have 1/91 hp.
You barely miss the gnoll bouda.
Blork the orc points at you and mumbles some strange words.
The puff of frost hits you!
You die...

Skill      XL: |  1  2  3  4  5  6  7 |
---------------+----------------------+-----
Axes           | 3 4 5 6 |  6.2
Fighting       | 4 5 |  5.4
Shields        | 4 5 |  5.4
Armour         | 4 5 |  5.4
Throwing       | 1 2 |  2.7

Action                     |  1- 3 |  4- 6 |  7- 9 || total
---------------------------+-------+-------+-------++-------
  Melee: War axe           |    76 |   120 |    18 ||   214
         Headbutt          |     8 |    25 |     2 ||    35
    Use: Potion            |       |       |     2 ||     2
 Armour: Scale mail        |    70 |   134 |    28 ||   232
         Skin              |       |       |    12 ||    12
  Dodge: Dodged            |    47 |    73 |    13 ||   133
  Block: Buckler           |    14 |    29 |    12 ||    55

Levels and vault maps discovered:
D:1:      lemuel_arrival_room, layout_loops_ring
D:2:      layout_loops_corners, minmay_indecisive_spiral, uniq_robin
D:3:      layout_basic, serial_shops, nicolae_shop_tiny_glass
D:4:      layout_loops_ring, mainiacjoe_overflow_catwalk, portal_sewer_entry_d
D:5:      layout_layer_cave, serial_shops, shop, kb_lookout_dungeons_type,
          uniq_crazy_yiuf_cottage, uniq_blork_the_orc
D:6:      layout_cave_pods, kennysheep_mini_moat, minmay_temple_entry_glass

Notes
Turn   | Place    | Note
-------+----------+-------------------------------------------
     0 | D:1      | Sanktem7 the Minotaur Fighter began the quest for the Orb.
     0 | D:1      | Reached XP level 1. HP: 19/19 MP: 0/0
     0 | D:1      | magus.rc [v1.9.6]
    89 | D:1      | Reached XP level 2. HP: 27/27 MP: 1/1
   151 | D:1      | Reached skill level 3 in Axes
   194 | D:1      | Reached skill level 4 in Fighting
   194 | D:1      | Reached skill level 4 in Shields
   228 | D:1      | Reached XP level 3. HP: 33/33 MP: 2/2
   233 | D:1      | Reached skill level 4 in Armour
   726 | D:2      | You pick up a book of Alchemy and begin reading...
   726 | D:2      | You add the spells Sublimation of Blood, Petrify and
                  | Irradiate to your library.
   862 | D:2      | Reached XP level 4. HP: 40/40 MP: 3/3
  1002 | D:2      | Noticed Robin
  1015 | D:2      | HP: 10/40 [goblin/sling bullet[Robin] (3)]
  1016 | D:2      | Killed Robin
  1017 | D:2      | Reached skill level 4 in Axes
  1021 | D:2      | Reached skill level 1 in Throwing
  1692 | D:3      | Reached XP level 5. HP: 42/47 MP: 4/4
  1807 | D:3      | Found Haryhiad's Jewellery Shop.
  2518 | D:4      | You pick up a book of Displacement and begin reading...
  2518 | D:4      | You add the spells Lesser Beckoning, Gell's Gravitas and
                  | Teleport Other to your library.
  2587 | D:4      | Found a broken altar of Ashenzari.
  2750 | D:4      | Found a glowing drain.
  2762 | Sewer    | Entered a sewer
  2829 | Sewer    | Noticed a water moccasin
  2840 | Sewer    | Killed a water moccasin
  2840 | Sewer    | HP: 11/47 [poisoned by a water moccasin]
  2841 | Sewer    | Reached skill level 5 in Axes
  2841 | Sewer    | Reached skill level 2 in Throwing
  2841 | Sewer    | Reached XP level 6. HP: 13/55 MP: 5/5
  2845 | Sewer    | HP: 8/55 [poisoned by a water moccasin]
  3297 | D:4      | You fall into a shaft and drop 2 floors!
  3490 | D:6      | Reached skill level 5 in Fighting
  3490 | D:6      | Reached skill level 5 in Armour
  3490 | D:6      | Reached skill level 5 in Shields
  3493 | D:6      | HP: 12/56 [black bear (3)]
  3497 | D:6      | Reached XP level 7. HP: 14/61 MP: 6/6
  3652 | D:5      | Entered Level 5 of the Dungeon
  3660 | D:5      | Reached skill level 6 in Axes
  3698 | D:5      | Found Qokeick's Magic Scroll Shop.
  3704 | D:5      | Noticed Blork the orc
  3708 | D:5      | HP: 8/61 [gnoll/+0 spear[a gnoll bouda] (8)]
  3714 | D:5      | HP: 3/91 [Blork the orc/+0 halberd (3)]
  3714 | D:5      | HP: 1/91 [gnoll/+0 spear[a gnoll bouda] (2)]
  3715 | D:5      | Killed from afar by Blork the orc

Vanquished Creatures
  A water moccasin (Sewer)
  An ice beast (D:5)
  A black bear (D:6)
  A scorpion (D:5)
  A hound (D:4)
  A jelly (D:4)
  2 orc wizards (D:6)
  Robin (D:2)
  7 adders
  6 gnolls
  6 worms
  3 dart slugs
  8 orcs
  5 bats
  4 endoplasms
  2 giant cockroaches
  17 goblins
  11 hobgoblins
  13 jackals
  A quokka (D:4)
  4 ball pythons
  5 frilled lizards
  5 kobolds
  3 rats
109 creatures vanquished.

Table legend:
 A = Non-vault XP
 B = Vault XP
 C = Vault XP percentage of total XP
 D = Non-vault monster count
 E = Vault monster count
 F = Vault count percentage of total count
                 A         B        C        D         E       F
            +---------+---------+-------+---------+---------+-------
      Total |     806 |     211 |  20.7 |      89 |      20 |  18.3
            +---------+---------+-------+---------+---------+-------
        D:1 |      54 |       0 |   0.0 |      31 |       0 |   0.0
        D:2 |      94 |      45 |  32.4 |      23 |      15 |  39.5
        D:3 |      56 |       0 |   0.0 |      10 |       0 |   0.0
        D:4 |     144 |      13 |   8.3 |      14 |       1 |   6.7
        D:5 |     254 |       0 |   0.0 |       5 |       0 |   0.0
        D:6 |     204 |       0 |   0.0 |       6 |       0 |   0.0
      Sewer |       0 |     153 | 100.0 |       0 |       4 | 100.0
            +---------+---------+-------+---------+---------+-------

Skill      XL: |  1  2  3  4  5  6  7 |
---------------+----------------------+-----
Axes           | 3 4 5 6 |  6.2
Fighting       | 4 5 |  5.4
Shields        | 4 5 |  5.4
Armour         | 4 5 |  5.4
Throwing       | 1 2 |  2.7

Action                     |  1- 3 |  4- 6 |  7- 9 || total
---------------------------+-------+-------+-------++-------
  Melee: War axe           |    76 |   120 |    18 ||   214
         Headbutt          |     8 |    25 |     2 ||    35
    Use: Potion            |       |       |     2 ||     2
 Armour: Scale mail        |    70 |   134 |    28 ||   232
         Skin              |       |       |    12 ||    12
  Dodge: Dodged            |    47 |    73 |    13 ||   133
  Block: Buckler           |    14 |    29 |    12 ||    55

Illustrated notes

Table legend:
 A = Kills in this place as a percentage of kills in the entire game.
 B = Kills by you in this place as a percentage of kills by you in the entire game.
 C = Kills by friends in this place as a percentage of kills by friends in the entire game.
 D = Other kills in this place as a percentage of other kills in the entire game.
 E = Experience gained in this place as a percentage of experience gained in the entire game.
 F = Experience gained in this place divided by the number of levels of this place that you have seen.
                   A       B       C       D       E      F
               +-------+-------+-------+-------+-------+----------------------
         Total | 100.0 | 100.0 |   N/A |   N/A | 100.0 | 145.3
       Dungeon |  96.3 |  96.3 |   N/A |   N/A |  85.0 | 144.0
         Sewer |   3.7 |   3.7 |   N/A |   N/A |  15.0 | 153.0
               +-------+-------+-------+-------+-------+----------------------

Table legend: (Time is in decaauts)
 A = Elapsed time spent in this place.
 B = Non-inter-level travel time spent in this place.
 C = Inter-level travel time spent in this place.
 D = Time resting spent in this place.
 E = Time spent auto-exploring this place.
 F = Levels seen in this place.
 G = Mean time per level.
                   A        B        C        D        E       F      G
               +--------+--------+--------+--------+--------+-----+--------+
         Total |   3805 |   3726 |     79 |    154 |   2765 |   7 |  543.6 |
       Dungeon |   3487 |   3408 |     79 |    154 |   2500 |   6 |  581.2 |
         Sewer |    318 |    318 |      0 |      0 |    265 |   1 |  318.0 |
               +--------+--------+--------+--------+--------+-----+--------+

Top non-repeatable levels by time:
     D:2: 1084 daAuts
     D:3: 805 daAuts
     D:1: 643 daAuts
     D:4: 529 daAuts
     D:6: 357 daAuts
   Sewer: 318 daAuts
     D:5: 66 daAuts
